 Dungeon Crawl Stone Soup version 0.31-a0-233-g139696dc86 (webtiles) character file.

Game seed: 6048356406183525584

26 qw the Shooter (level 3, 0/21 HPs)
             Began as a Gargoyle Hexslinger on July 9, 2023.
             Slain by a goblin
             ... wielding a +0 dagger
             ... led by Robin
              (3 damage)
             ... on level 2 of the Dungeon.
             The game lasted 00:00:17 (1025 turns).

qw the Shooter (Gargoyle Hexslinger)                Turns: 1025, Time: 00:00:18

Health: 0/21       AC:  6    Str: 11    XL:     3   Next: 8%
Magic:  4/4        EV: 11    Int: 13    God:
Gold:   73         SH:  0    Dex: 14    Spells: 3/4 levels left

rFire   + + .        Y - +1 sling
rCold   . . .        (no shield)
rNeg    + . .        d - +0 leather armour
rPois   inf          (no helmet)
rElec   +            (no cloak)
rCorr   .            (no gloves)
SInv    .            (no boots)
Will    .....        a - amulet "Ustozo" {Acrobat rF+}
Stlth   +            g - ring of protection from fire
HPRegen 0.23/turn    (no ring)
MPRegen 0.09/turn

%: acrobat
@: no status effects
A: sickness immunity, AC +3, negative energy resistance 1, electricity
resistance, torment resistance 1, petrification resistance
a: no special abilities


You were on level 2 of the Dungeon.
You visited 1 branch of the dungeon, and saw 2 of its levels.

You collected 73 gold pieces.


Innate Abilities, Weirdness & Mutations

You are immune to sickness and miasma.
Your stone body is resilient. (AC +3)
You are immune to poison.
You resist negative energy. (rN+)
You are resistant to electric shocks. (rElec)
You are resistant to unholy torment.
You are immune to petrification.


   Skills:
 - Level 2.0 Fighting
 + Level 3.0 Ranged Weapons
 - Level 1.5 Dodging
 - Level 1.0 Spellcasting
 - Level 2.6 Hexes


You had 3 spell levels left.
You knew the following spells:

 Your Spells              Type           Power      Damage    Failure   Level
a - Slow                  Hex            28%        N/A       12%         1

Your spell library contained the following spells:

 Spells                   Type           Power      Damage    Failure   Level
 Inner Flame              Hex/Fire       4%         N/A       54%         3
 Portal Projectile        Hex/Tloc       8%         N/A       54%         3
 Cause Fear               Hex            3%         N/A       77%         4

Inventory:

Hand Weapons
 Y - a +1 sling (weapon)
Armour
 d - a +0 leather armour (worn)
Jewellery
 a - the amulet "Ustozo" (around neck) {Acrobat rF+}
   (You acquired it on level 1 of the Dungeon)

   [amulet of the acrobat]

   It increases your evasion while moving and waiting.
   rF:        It protects you from fire.
 g - a ring of protection from fire (left hand)
Potions
 h - a potion of resistance {unknown}

Dungeon Overview and Level Annotations

Branches:
Dungeon (2/15)

Altars:

Shops:
D:1 :

Annotations:
D:2 Robin


Message History

You shoot a sling bullet. The sling bullet hits the goblin.
You kill the goblin!
A hobgoblin comes into view.
Robin zaps a wand.
The puff of flame hits you but does no damage.
A frilled lizard comes into view.
You shoot a sling bullet. The sling bullet closely misses Robin.
The frilled lizard hisses angrily.
The sling bullet hits the goblin.
You kill the goblin!
Robin throws the goblin at you!
You shoot a sling bullet. The sling bullet hits Robin.
Robin is lightly wounded.
The goblin no longer looks unusually strong.
The hobgoblin no longer looks unusually strong.
Robin throws the goblin at you! The goblin barely misses you.
You shoot a sling bullet. The sling bullet hits Robin.
Robin is lightly wounded.
The goblin hits you with a +0 club.
Robin roars a battlecry!
The goblins go into a battle-frenzy!
The goblin barely misses you. The goblin closely misses you.
The goblin barely misses you.
You shoot a sling bullet.
The sling bullet hits Robin but does no damage.
Robin is lightly wounded.
The goblin hits you but does no damage. The goblin barely misses you.
You shoot a sling bullet.
The sling bullet hits Robin but does no damage.
Robin is lightly wounded.
The goblin hits you but does no damage. The goblin hits you with a +0 dagger.
You shoot a sling bullet. The sling bullet hits Robin.
Robin is moderately wounded.
The goblin no longer looks unusually strong. x2
The goblin hits you with a +0 club.
Robin says, "Bow before me, strongest of all the hobgoblins!"
Robin roars a battlecry!
The goblins go into a battle-frenzy!
The goblin hits you with a +0 dagger.
You die...

....# #...#
#####...#.#
.......#.#
.###.#.#.#.# .
.........#.# ##.#
.###...#.#.# ....
#.....<#.#####..##..
#......#...g@gg?....
#....#.....g##g.###.
#.#.##......# .)..
#.#. #......# .... #
#. #.#####........
#.# .##.###. ..# +#
####


You could see Robin, a hobgoblin (strong) and 3 goblins.

Vanquished Creatures
  4 ball pythons (D:1)
  2 endoplasms (D:1)
  A giant cockroach (D:1)
  8 goblins (D:2)
  2 hobgoblins (D:1)
  3 kobolds (D:1)
  A rat (D:1)
21 creatures vanquished.

Notes
Turn   | Place    | Note
-------+----------+-------------------------------------------
     0 | D:1      | qw the Gargoyle Hexslinger began the quest for the Orb.
     0 | D:1      | Reached XP level 1. HP: 12/12 MP: 2/2
     0 | D:1      | 0 ||| qw: Version: 0.3-a-51-g015441d
     0 | D:1      | 0 ||| qw: Game counter: 3934
     0 | D:1      | 0 ||| qw: Melee chars always use a shield: true
     0 | D:1      | 0 ||| qw: God list: Okawaru
     0 | D:1      | 0 ||| qw: Allow faded altars: false
     0 | D:1      | 0 ||| qw: Do Orc after clearing Dungeon:15 true
     0 | D:1      | 0 ||| qw: Do second Lair branch before Depths: true
     0 | D:1      | 0 ||| qw: Lair rune preference: random
     0 | D:1      | 0 ||| qw: Goals: Normal
     0 | D:1      | 0 ||| PLANNING D:1-11
   420 | D:1      | Reached XP level 2. HP: 12/16 MP: 3/3
   570 | D:1      | Found Sopoc's Book Boutique.
   695 | D:1      | Reached skill level 3 in Ranged Weapons
   883 | D:1      | 883 ||| UPGRADING to +0 leather armour.
   893 | D:1      | 893 ||| DROPPING +0 robe.
   894 | D:1      | 894 ||| DROPPING ring of flight.
   895 | D:1      | 895 ||| UPGRADING to ring of protection from fire.
   896 | D:1      | 896 ||| READING scroll labelled PIYMAN JEAKUR.
   896 | D:1      | Identified a scroll of acquirement
   896 | D:1      | 896 ||| ACQUIRING amulet "Ustozo" {Acrobat rF+}
   896 | D:1      | Acquired the amulet "Ustozo" {Acrobat rF+}
   898 | D:1      | 898 ||| UPGRADING to amulet "Ustozo" {Acrobat rF+}.
   903 | D:1      | 903 ||| DROPPING scroll of poison.
   978 | D:2      | 978 ||| STAIRDANCE
  1008 | D:2      | Noticed Robin
  1017 | D:2      | Reached XP level 3. HP: 18/21 MP: 4/4
  1025 | D:2      | HP: 3/21 [goblin/+0 club[Robin] (3)]
  1025 | D:2      | Slain by a goblin

Levels and vault maps discovered:
D:1:      dpeg_arrival_round_b, layout_basic, serial_shops,
          nicolae_lakefront_shop, grunt_decor_arrowhead, hex_medium
D:2:      layout_basic, minmay_cut_off, uniq_robin, uniq_crazy_yiuf_cottage,
          uniq_natasha, uniq_terence

Skill      XL: |  1  2 |
---------------+-------+-----
Ranged Weapons | 3 |  3.0
Fighting       | 2 |  2.0
Dodging        | |  1.5
Spellcasting   | |  1.0
Hexes          | |  2.6

Action                     || total
---------------------------++-------
   Fire: Sling             ||    65
    Use: Scroll            ||     1
 Armour: Robe              ||     6
         Leather armour    ||     6
  Dodge: Dodged            ||    22

Table legend:
 A = Non-vault XP
 B = Vault XP
 C = Vault XP percentage of total XP
 D = Non-vault monster count
 E = Vault monster count
 F = Vault count percentage of total count
                 A         B        C        D         E       F
            +---------+---------+-------+---------+---------+-------
      Total |      23 |      15 |  39.5 |      13 |       8 |  38.1
            +---------+---------+-------+---------+---------+-------
        D:1 |      23 |       0 |   0.0 |      13 |       0 |   0.0
        D:2 |       0 |      15 | 100.0 |       0 |       8 | 100.0
            +---------+---------+-------+---------+---------+-------
